[ AOE2 MATCH · #495278986 ]
UnrankedWu vs Franks
Player's team · LOSS
Rival team · WIN
[ REPLAY ANALYSIS · EXTRACTED FROM THE RECORDED GAME ]
Feudal
10:48
Castle
15:26
Imperial
—
| APM avg | 46.4 |
| APM peak | 72 |
| eAPM avg | 28.2 |
| Villagers / military | 44 / 18 |
Focus
⚔️ 33.3% · 🌾 66.7%
Unknown (1974) ×21 · Scorpion ×11 · Fishing Ship ×10 · Battering Ram ×4 · Unknown (2626) ×2 · Militia ×1
Feudal
10:18
Castle
18:33
Imperial
—
| APM avg | 51.7 |
| APM peak | 69 |
| eAPM avg | 24.3 |
| Villagers / military | 96 / 35 |
Focus
⚔️ 29.6% · 🌾 70.4%
Fishing Ship ×21 · Knight ×20 · Monk ×6 · Unknown (2626) ×4 · Mangonel ×3 · Galley ×2
Match map
Initial resources + every placement click. Lines = walls · curves = elevation contours. ◆ gold · ⬟ stone · ● berries · ✦ relic · ◌ wall gap
Your base· Open — unwalled flank
The Guy With The Magic Keyboard's base· Open — unwalled flank
Smoothed initial terrain · ◌ = detected wall gap · hover for details
Inputs per minute
— Singapura_Routeline - - The Guy With The Magic Keyboard
Build order — Singapura_Routeline
150 actions detected in the replay
| 0:01 | Create | Villager (Male) |
| 0:01 | Create | Villager (Male) |
| 0:01 | Create | Villager (Male) |
| 0:01 | Create | Villager (Male) |
| 0:02 | Build | House |
| 0:04 | Build | House |
| 1:35 | Create | Villager (Male) |
| 1:56 | Create | Villager (Male) |
| 1:56 | Create | Villager (Male) |
| 2:24 | Create | Villager (Male) |
| 2:24 | Create | Villager (Male) |
| 2:51 | Build | Dock |
| 3:01 | Create | Villager (Male) |
| 3:01 | Create | Villager (Male) |
| 3:19 | Create | Villager (Male) |
| 3:45 | Create | Fishing Ship |
| 3:50 | Create | Villager (Male) |
| 3:51 | Create | Villager (Male) |
| 3:51 | Create | Villager (Male) |
| 4:05 | Build | House |
| 4:37 | Create | Villager (Male) |
| 4:37 | Create | Villager (Male) |
| 4:43 | Create | Fishing Ship |
| 5:15 | Create | Villager (Male) |
| 5:26 | Create | Villager (Male) |
| 5:32 | Create | Villager (Male) |
| 5:39 | Create | Fishing Ship |
| 5:42 | Build | House |
| 5:53 | Create | Villager (Male) |
| 6:15 | Create | Villager (Male) |
| 6:18 | Create | Fishing Ship |
| 6:56 | Build | Lumber Camp |
| 7:08 | Create | Villager (Male) |
| 7:13 | Build | House |
| 7:25 | Create | Villager (Male) |
| 7:58 | Create | Fishing Ship |
| 8:09 | Research | Loom |
| 8:33 | Research | Feudal Age |
| 8:48 | Create | Fishing Ship |
| 8:54 | Build | House |
| 9:33 | Build | Mill |
| 9:41 | Create | Villager (Male) |
| 9:41 | Create | Villager (Male) |
| 10:09 | Create | Fishing Ship |
| 10:19 | Build | House |
| 10:48 | Create | Villager (Male) |
| 10:48 | Age | Feudal Age |
| 11:17 | Build | Blacksmith |
| 11:29 | Build | Palisade Wall |
| 12:01 | Create | Villager (Male) |
| 12:10 | Build | Market |
| 12:46 | Research | Castle Age |
| 12:58 | Create | Unit 2626 |
| 13:06 | Build | Mining Camp |
| 13:50 | Create | Villager (Male) |
| 14:07 | Create | Unit 2626 |
| 14:10 | Research | Scale Mail Armor |
| 15:25 | Build | Barracks |
| 15:26 | Age | Castle Age |
| 15:27 | Build | Palisade Wall |
| 15:29 | Build | Palisade Wall |
| 15:31 | Build | Palisade Wall |
| 15:36 | Create | Villager (Male) |
| 15:46 | Create | Fishing Ship |
| 15:59 | Research | Double-Bit Axe |
| 16:00 | Create | Villager (Male) |
| 16:00 | Create | Villager (Male) |
| 16:00 | Create | Villager (Male) |
| 16:07 | Create | Unit 1974 |
| 16:11 | Build | House |
| 16:29 | Build | House |
| 16:32 | Build | Palisade Wall |
| 16:33 | Build | Palisade Wall |
| 16:37 | Build | House |
| 16:38 | Build | House |
| 16:41 | Create | Villager (Male) |
| 16:49 | Create | Unit 1974 |
| 16:49 | Create | Unit 1974 |
| 16:58 | Build | Siege Workshop |
| 17:19 | Build | Palisade Wall |
| 17:21 | Build | Palisade Wall |
| 17:23 | Build | Palisade Wall |
| 17:29 | Create | Villager (Male) |
| 17:34 | Create | Unit 1974 |
| 17:51 | Build | Palisade Wall |
| 17:55 | Build | Palisade Wall |
| 17:56 | Build | Palisade Wall |
| 18:01 | Build | Palisade Wall |
| 18:10 | Create | Battering Ram |
| 18:15 | Create | Spearman |
| 18:15 | Create | Militia |
| 18:29 | Create | Villager (Male) |
| 18:29 | Create | Villager (Male) |
| 18:49 | Create | Battering Ram |
| 18:55 | Create | Unit 1974 |
| 18:59 | Create | Villager (Male) |
| 19:09 | Build | House |
| 19:15 | Create | Fishing Ship |
| 19:22 | Create | Battering Ram |
| 19:28 | Build | House |
| 20:07 | Create | Unit 1974 |
| 20:09 | Create | Scorpion |
| 20:18 | Build | House |
| 20:35 | Create | Unit 1974 |
| 20:45 | Create | Unit 1974 |
| 20:53 | Build | Farm |
| 21:03 | Build | House |
| 21:06 | Create | Battering Ram |
| 21:10 | Create | Scorpion |
| 21:52 | Create | Unit 1974 |
| 21:58 | Build | Farm |
| 22:10 | Create | Scorpion |
| 22:10 | Create | Scorpion |
| 22:39 | Create | Scorpion |
| 22:44 | Create | Villager (Male) |
| 22:50 | Build | Mining Camp |
| 23:06 | Create | Scorpion |
| 23:29 | Create | Unit 1974 |
| 23:39 | Build | Farm |
| 23:46 | Create | Scorpion |
| 24:15 | Create | Unit 1974 |
| 24:35 | Build | Farm |
| 24:36 | Build | Farm |
| 24:40 | Create | Unit 1974 |
| 24:49 | Create | Villager (Male) |
| 24:55 | Create | Unit 1974 |
| 25:06 | Create | Scorpion |
| 25:33 | Create | Villager (Male) |
| 25:43 | Create | Scorpion |
| 25:58 | Create | Unit 1974 |
| 25:59 | Create | Unit 1974 |
| 26:05 | Create | Fishing Ship |
| 26:22 | Create | Scorpion |
| 26:49 | Create | Unit 1974 |
| 27:00 | Create | Unit 1974 |
| 27:28 | Create | Mangonel |
| 27:30 | Create | Unit 1974 |
| 27:37 | Create | Villager (Male) |
| 27:41 | Build | Farm |
| 28:06 | Create | Unit 1974 |
| 28:18 | Build | House |
| 28:20 | Build | House |
| 28:24 | Build | Lumber Camp |
| 28:33 | Create | Unit 1974 |
| 28:38 | Build | Palisade Wall |
| 29:17 | Create | Unit 1974 |
| 29:28 | Build | House |
| 29:37 | Create | Scorpion |
| 29:48 | Create | Villager (Male) |
| 29:48 | Create | Villager (Male) |
Build order — The Guy With The Magic Keyboard
First 150 of 230 actions detected
| 0:00 | Create | Villager (Male) |
| 0:00 | Create | Villager (Male) |
| 0:01 | Build | House |
| 0:02 | Build | House |
| 0:04 | Create | Villager (Male) ×2 |
| 0:04 | Create | Villager (Male) ×2 |
| 1:24 | Create | Villager (Male) |
| 1:24 | Create | Villager (Male) |
| 1:27 | Build | Lumber Camp |
| 1:54 | Create | Villager (Male) |
| 1:54 | Create | Villager (Male) |
| 2:28 | Create | Villager (Male) |
| 2:28 | Create | Villager (Male) |
| 2:53 | Create | Villager (Male) |
| 2:53 | Create | Villager (Male) |
| 3:16 | Create | Villager (Male) |
| 3:16 | Create | Villager (Male) |
| 3:38 | Build | House |
| 3:41 | Create | Villager (Male) |
| 3:42 | Create | Villager (Male) |
| 3:56 | Build | Dock |
| 4:13 | Create | Villager (Male) |
| 4:13 | Create | Villager (Male) |
| 4:13 | Create | Villager (Male) |
| 4:36 | Create | Villager (Male) |
| 4:36 | Create | Villager (Male) |
| 4:53 | Create | Fishing Ship |
| 4:53 | Create | Fishing Ship |
| 4:53 | Create | Fishing Ship |
| 4:55 | Build | House |
| 5:08 | Create | Villager (Male) |
| 5:09 | Create | Villager (Male) |
| 5:09 | Create | Villager (Male) |
| 5:23 | Create | Fishing Ship |
| 5:28 | Create | Villager (Male) |
| 5:28 | Create | Villager (Male) |
| 5:58 | Create | Villager (Male) |
| 5:58 | Create | Villager (Male) |
| 6:00 | Create | Fishing Ship |
| 6:14 | Create | Villager (Male) |
| 6:14 | Create | Villager (Male) |
| 6:31 | Build | House |
| 6:41 | Create | Villager (Male) |
| 6:41 | Create | Villager (Male) |
| 6:41 | Create | Villager (Male) |
| 6:42 | Create | Villager (Male) |
| 7:18 | Create | Villager (Male) |
| 7:26 | Research | Loom |
| 7:41 | Create | Fishing Ship |
| 7:47 | Build | House |
| 8:08 | Research | Feudal Age |
| 8:08 | Research | Feudal Age |
| 8:17 | Build | Mining Camp |
| 8:19 | Create | Fishing Ship |
| 8:34 | Build | Palisade Wall |
| 9:08 | Create | Villager (Male) |
| 9:36 | Build | Barracks |
| 9:43 | Create | Villager (Male) |
| 10:08 | Build | Dock |
| 10:18 | Age | Feudal Age |
| 10:23 | Research | Double-Bit Axe |
| 10:26 | Create | Villager (Male) |
| 10:50 | Create | Unit 2626 |
| 10:54 | Create | Villager (Male) |
| 11:02 | Build | Stable |
| 11:09 | Build | House |
| 11:27 | Create | Spearman |
| 11:37 | Create | Unit 2626 |
| 11:44 | Create | Villager (Male) |
| 11:48 | Build | Mill |
| 12:03 | Create | Galley |
| 12:07 | Build | House |
| 12:30 | Create | Villager (Male) |
| 12:42 | Create | Villager (Male) |
| 12:55 | Create | Villager (Male) |
| 13:06 | Create | Villager (Male) |
| 13:25 | Build | Market |
| 13:37 | Create | Galley |
| 13:37 | Create | Villager (Male) |
| 13:41 | Build | Dock |
| 13:47 | Create | Scout Cavalry |
| 13:55 | Build | House |
| 14:14 | Create | Scout Cavalry |
| 14:15 | Create | Villager (Male) |
| 14:20 | Create | Spearman |
| 14:27 | Create | Villager (Male) |
| 14:34 | Create | Fishing Ship |
| 14:36 | Create | Fishing Ship |
| 14:44 | Build | House |
| 15:18 | Create | Unit 2626 |
| 15:28 | Create | Villager (Male) |
| 15:32 | Build | House |
| 15:36 | Research | Castle Age |
| 15:36 | Research | Castle Age |
| 15:38 | Build | House |
| 15:48 | Create | Fishing Ship |
| 15:59 | Build | House |
| 16:10 | Build | Palisade Wall |
| 16:12 | Build | Palisade Wall |
| 16:14 | Create | Villager (Male) |
| 16:27 | Create | Unit 2626 |
| 16:35 | Create | Villager (Male) |
| 16:37 | Build | Blacksmith |
| 16:44 | Build | House |
| 16:55 | Create | Fishing Ship |
| 17:20 | Create | Villager (Male) |
| 17:30 | Research | Forging |
| 17:35 | Build | House |
| 17:37 | Build | House |
| 17:39 | Build | House |
| 17:41 | Build | House |
| 17:48 | Build | House |
| 18:05 | Build | Stable |
| 18:33 | Age | Castle Age |
| 18:37 | Build | House |
| 18:39 | Create | Knight |
| 18:39 | Create | Knight |
| 18:43 | Research | Bow Saw |
| 18:43 | Research | Bow Saw |
| 18:50 | Create | Knight |
| 19:04 | Create | Knight |
| 19:10 | Build | Monastery |
| 19:17 | Create | Villager (Male) |
| 19:41 | Create | Villager (Male) |
| 19:46 | Build | Lumber Camp |
| 19:48 | Create | Knight |
| 20:09 | Create | Monk |
| 20:25 | Research | Scale Barding Armor |
| 20:39 | Create | Monk |
| 20:49 | Create | Villager (Male) |
| 20:49 | Create | Villager (Male) |
| 20:50 | Create | Villager (Male) |
| 20:56 | Build | Dock |
| 21:06 | Create | Knight |
| 21:07 | Create | Knight |
| 21:46 | Create | Knight |
| 21:46 | Create | Monk |
| 21:47 | Create | Villager (Male) |
| 21:49 | Create | Villager (Male) |
| 22:19 | Create | Knight |
| 22:20 | Create | Knight |
| 22:32 | Create | Villager (Male) |
| 22:36 | Build | Mining Camp |
| 22:38 | Create | Villager (Male) |
| 22:40 | Build | Town Center |
| 22:43 | Create | Villager (Male) |
| 22:48 | Create | Monk |
| 22:51 | Create | Villager (Male) |
| 22:54 | Build | Dock |
| 22:55 | Create | Fishing Ship |
Match timeline
| 2:51 | Singapura_Routeline · first_building Dock |
| 3:56 | The Guy With The Magic Keyboard · first_building Dock |
| 8:34 | The Guy With The Magic Keyboard · wall_segment Palisade Wall x1 |
| 9:36 | The Guy With The Magic Keyboard · first_building Barracks |
| 10:18 | The Guy With The Magic Keyboard · age_up feudal |
| 10:48 | Singapura_Routeline · age_up feudal |
| 11:02 | The Guy With The Magic Keyboard · first_building Stable |
| 11:29 | Singapura_Routeline · wall_segment Palisade Wall x1 |
| 12:45 | Singapura_Routeline · first_market_sell 100 stone |
| 15:25 | Singapura_Routeline · first_building Barracks |
| 15:26 | Singapura_Routeline · age_up castle |
| 15:27 | Singapura_Routeline · wall_segment Palisade Wall x1 |
| 15:29 | Singapura_Routeline · wall_segment Palisade Wall x1 |
| 15:31 | Singapura_Routeline · wall_segment Palisade Wall x1 |
| 16:10 | The Guy With The Magic Keyboard · wall_segment Palisade Wall x1 |
| 16:12 | The Guy With The Magic Keyboard · wall_segment Palisade Wall x3 |
| 16:32 | Singapura_Routeline · wall_segment Palisade Wall x1 |
| 16:33 | Singapura_Routeline · wall_segment Palisade Wall x1 |
| 16:53 | Singapura_Routeline · first_market_buy 100 wood |
| 16:58 | Singapura_Routeline · first_building Siege Workshop |
| 17:19 | Singapura_Routeline · wall_segment Palisade Wall x1 |
| 17:21 | Singapura_Routeline · wall_segment Palisade Wall x1 |
| 17:23 | Singapura_Routeline · wall_segment Palisade Wall x1 |
| 17:51 | Singapura_Routeline · wall_segment Palisade Wall x1 |
| 17:55 | Singapura_Routeline · wall_segment Palisade Wall x2 |
| 17:56 | Singapura_Routeline · wall_segment Palisade Wall x1 |
| 18:01 | Singapura_Routeline · wall_segment Palisade Wall x2 |
| 18:03 | The Guy With The Magic Keyboard · first_market_buy 100 wood |
| 18:33 | The Guy With The Magic Keyboard · age_up castle |
| 18:48 | The Guy With The Magic Keyboard · first_market_sell 100 food |
| 19:10 | The Guy With The Magic Keyboard · first_building Monastery |
| 25:20 | The Guy With The Magic Keyboard · first_building Siege Workshop |
| 27:48 | The Guy With The Magic Keyboard · first_building Castle |
| 28:38 | Singapura_Routeline · wall_segment Palisade Wall x1 |
| 30:11 | Singapura_Routeline · resign |
[ AI ANALYSIS · 1 CREDIT ]
What really happened in this match?
Wolo.gg analyzes every decision: build order, eco, micro, common mistakes by bracket. Personalized analysis on WhatsApp or Discord in 30 seconds.
Civ guide
Wu
Perfil
Singapura_Routeline